 Dungeon Crawl Stone Soup version 0.22-a0-284-g99d1f74 (webtiles) character file.

123 Gildeon the Magician (level 4, 0/33 HPs)
             Began as a Demigod Conjurer on Mar 21, 2018.
             Slain by a gnoll
             ... wielding a +0 spear
              (1 damage)
             ... on level 4 of the Dungeon.
             The game lasted 00:17:38 (3178 turns).

Gildeon the Magician (Demigod Conjurer)             Turns: 3178, Time: 00:17:40

Health: 0/33       AC:  2    Str: 11    XL:     4   Next: 51%
Magic:  4/22       EV: 12    Int: 21    God:
Gold:   170        SH:  0    Dex: 16    Spells: 1/11 levels left

rFire    . . .     SeeInvis .   e - +0 mace
rCold    . . .     Gourm    .   (no shield)
rNeg     . . .     Faith    .   a - +0 robe
rPois    +         Spirit   .   (no helmet)
rElec    .         Reflect  .   (no cloak)
rCorr    .         Harm     .   (no gloves)
MR       .....                  (no boots)
Stlth    ++........             m - amulet of inaccuracy (curse)
HPRegen  0.11/turn              h - ring of poison resistance
MPRegen  0.18/turn              i - ring of magical power

@: lethally poisoned (0 -> -4), very slightly contaminated
A: high mp 1
a: no special abilities


You were on level 4 of the Dungeon.
You were not hungry.

You visited 1 branch of the dungeon, and saw 4 of its levels.

You collected 170 gold pieces.

Inventory:

Hand Weapons
 e - a +0 mace (weapon)
 g - a +3 hand axe
Armour
 a - a +0 robe (worn)
Jewellery
 h - a ring of poison resistance (left hand)
 i - a ring of magical power (right hand)
 m - a cursed amulet of inaccuracy (around neck)
 n - an uncursed amulet of magic regeneration {unknown}
Scrolls
 b - 2 scrolls of fog
Potions
 f - 2 potions of curing
 j - a potion of heal wounds
 k - 2 potions of brilliance {unknown}
 l - 2 potions of flight {unknown}
 o - a potion of degeneration {unknown}
Comestibles
 c - 4 rations
 d - 3 chunks of flesh


   Skills:
 - Level 1.7 Dodging
 - Level 1.7 Stealth
 + Level 4.3 Spellcasting
 - Level 3.6 Conjurations


You had one spell level left.
You knew the following spells:

 Your Spells              Type           Power        Failure   Level  Hunger
a - Magic Dart            Conj           ###.         2%          1    None
b - Searing Ray           Conj           ###...       4%          2    #......
c - Dazzling Spray        Conj/Hex       ##....       17%         3    ##.....
d - Iskenderun's Mystic   Conj           ###.....     26%         4    ####...


Dungeon Overview and Level Annotations

Branches:
Dungeon (4/15)
 Temple: D:4-7


Innate Abilities, Weirdness & Mutations

You have an increased reservoir of magic. (+10% MP)


Message History

(Press . to maintain the ray.)
The gnoll hits you from afar with a spear.
The worker ant bites you.
The searing ray hits the worker ant.
The worker ant is moderately wounded.
The worker ant barely misses you.
The gnoll hits you from afar with a spear.
The searing ray misses the worker ant.
The searing ray hits the gnoll.
The gnoll is heavily wounded.
The worker ant bites you!
* * * LOW HITPOINT WARNING * * *
The gnoll misses you.
The searing ray misses the worker ant.
The searing ray hits the gnoll.
You kill the gnoll!
You finish channeling your searing ray.
The worker ant bites you.
* * * LOW HITPOINT WARNING * * *
You are lethally poisoned!
The worker ant poisons you!
The gnoll hits you from afar with a spear.
You die...

#.######
#.........# #.#
#.........# #.#
#.........# #(#
+...).....# #.#
#........$# #.#
#.........# #.#
#g).......# #.####
##a######## .....#
#@#
####.###########.#
#...............#
#.#.#############
#.#.# #.#.# #.#.#
#.#.# #.#.#


You could see a worker ant and a gnoll.

Vanquished Creatures
  3 gnolls (D:4)
  An adder (D:2)
  An ooze (D:2)
  2 worms (D:3)
  4 dart slugs
  A leopard gecko (D:2)
  An orc (D:4)
  2 ball pythons
  5 bats
  4 giant cockroaches
  6 goblins
  7 hobgoblins
  6 jackals
  A quokka (D:3)
  3 frilled lizards
  6 kobolds
  9 rats
62 creatures vanquished.

Notes
Turn   | Place    | Note
-------+----------+-------------------------------------------
     0 | D:1      | Gildeon the Demigod Conjurer began the quest for the Orb.
     0 | D:1      | Reached XP level 1. HP: 14/14 MP: 5/5
    80 | D:1      | Reached skill level 2 in Spellcasting
   317 | D:1      | Reached XP level 2. HP: 20/20 MP: 5/8
   389 | D:1      | Learned a level 2 spell: Searing Ray
   714 | D:1      | Reached skill level 3 in Spellcasting
  1187 | D:2      | Reached XP level 3. HP: 25/26 MP: 3/10
  1319 | D:2      | Learned a level 3 spell: Dazzling Spray
  1471 | D:2      | Found a faded altar of an unknown god.
  1991 | D:2      | Found a shattered altar of Ashenzari.
  1991 | D:2      | Found a glowing golden altar of the Shining One.
  1998 | D:2      | Found a faded altar of an unknown god.
  2000 | D:2      | Found a faded altar of an unknown god.
  2001 | D:2      | Found an iron altar of Okawaru.
  2308 | D:3      | Found a glowing silver altar of Zin.
  2662 | D:3      | Reached XP level 4. HP: 33/33 MP: 12/12
  2670 | D:3      | Learned a level 4 spell: Iskenderun's Mystic Blast
  3164 | D:4      | Reached skill level 4 in Spellcasting
  3178 | D:4      | HP: 1/33 [worker ant (3)]
  3178 | D:4      | Slain by a gnoll

Vault maps used:
D:1:      evilmike_arrival_rings
D:2:      chequers_temple_overflow_minitemple,
          chequers_ecumenical_altar_simple_redux
D:3:      lemuel_coloured_pillars_altar, first_ration
D:4:      nicolae_ossuary_entry_giza, uniq_ijyb

Skill      XL: |  1  2  3  4 |
---------------+-------------+-----
Spellcasting   | 2 3 4 |  4.3
Dodging        | |  1.7
Stealth        | |  1.7
Conjurations   | |  3.6

Action                   |  1- 3 |  4- 6 || total
-------------------------+-------+-------++-------
Melee: Mace              |     5 |       ||     5
 Cast: Magic Dart        |   119 |    21 ||   140
       Searing Ray       |     1 |     2 ||     3
  Use: Scroll            |     5 |       ||     5
       Potion            |     1 |       ||     1
  Eat: Ration            |     2 |       ||     2
Armor: Robe              |     2 |       ||     2
Dodge: Dodged            |    25 |     7 ||    32

Table legend:
 A = Spawn XP
 B = Non-spawn XP
 C = Spawn XP percentage of total XP
 D = Spawn monster count
 E = Non-spawn monster count
 F = Spawn count percentage of total count
 G = Total turns spent on level
                    A         B        C        D         E        F      G
               +---------+---------+-------+---------+---------+-------+---------
         Total |       0 |     176 |   0.0 |       0 |      62 |   0.0 |  3178
               +---------+---------+-------+---------+---------+-------+---------
           D:1 |       0 |      41 |   0.0 |       0 |      23 |   0.0 |  1137
           D:2 |       0 |      56 |   0.0 |       0 |      21 |   0.0 |   893
           D:3 |       0 |      31 |   0.0 |       0 |      13 |   0.0 |  1028
           D:4 |       0 |      48 |   0.0 |       0 |       5 |   0.0 |   120
               +---------+---------+-------+---------+---------+-------+---------
